AoeStats
← SlowBoy

Arabia

510228298Analyzed
1v1 RM · 1d ago on Sep 30, 2026· 43m 32s· 2 players
Game mode
Random Map
Map size
Tiny (2 player)
Population
200
Speed
Normal
Resources
Standard
Victory
Conquest
Starting age
Dark Age
Ending age
Imperial Age
RankedLock teamsTeams togetherTeam positionsShared explorationLock speedFull tech treeHidden civsTurbo modeCheats
Victory
Defeat
🇨🇳 Varangians · China
1767
+16
🇧🇷 Khmer · Brazil
1774
-16
SaKuRuaba Ema
5:55 Loom
8:31 Feudal Age
9:22 Double-Bit Axe
11:20 Bloodlines
18:50 Wheelbarrow
19:40 Fletching
19:50 Scale Mail Armor
21:35 Forging
21:26 Padded Archer Armor
22:05 Horse Collar
24:33 Town Watch
27:18 Castle Age
25:17 Arson
25:51 Padded Archer Armor
26:38 Scale Barding Armor
27:36 Crossbowman
27:36 Pikeman
28:26 Bodkin Arrow
28:40 Husbandry
30:50 Squires
31:24 Bow Saw
35:07 Chain Mail Armor
39:22 Iron Casting
39:12 Ballistics
41:16 Gambesons
41:55 Leather Archer Armor
43:20 Gold Mining
SlowBoy
5:55 Loom
9:16 Feudal Age
9:45 Double-Bit Axe
9:48 Horse Collar
14:48 Bloodlines
16:17 Scale Barding Armor
19:41 Forging
25:27 Castle Age
23:51 Gold Mining
25:33 Light Cavalry
26:13 Husbandry
26:34 Chain Barding Armor
26:27 Bow Saw
34:09 Wheelbarrow
37:30 Town Watch
41:05 Fletching
41:15 Padded Archer Armor
42:56 Bodkin Arrow
44:07 Leather Archer Armor
Connection lost

Rejoining the realm…

Still unreachable

The connection could not be restored.

Session expired

The server has moved on; the page needs a fresh start.